 Dungeon Crawl Stone Soup version 0.24.0 (webtiles) character file.

Game seed: 14099977693467709672, levelgen mode: deterministic

3283 GordonOverkill the Fighter (level 9, -3/60 HPs)
             Began as a Deep Elf Berserker on Oct 25, 2019.
             Was an Elder of Trog.
             Slain by a centaur zombie (7 damage)
             ... on level 7 of the Dungeon.
             The game lasted 00:12:11 (7458 turns).

GordonOverkill the Fighter (Deep Elf Berserker)     Turns: 7458, Time: 00:12:11

Health: -3/60      AC: 10    Str: 17    XL:     9   Next: 69%
Magic:  11/11      EV: 11    Int: 13    God:    Trog [****..]
Gold:   365        SH:  0    Dex: 14    Spells: 8/8 levels left

rFire    . . .     SeeInvis .   h - +2 hand axe (flame)
rCold    + . .     Gourm    .   (no shield)
rNeg     + . .     Faith    +   l - +1 ring mail {rN+}
rPois    .         Spirit   .   u - +0 helmet
rElec    .         Reflect  .   t - +2 cloak
rCorr    .         Harm     .   (no gloves)
MR       .....     Rnd*Tele +   (no boots)
Stlth    +.........             B - amulet of faith
HPRegen  0.20/turn              c - ring of teleportation (curse)
MPRegen  0.12/turn              k - ring of protection from cold

@: berserk cooldown, slowed, very slow
A: no striking features
a: Berserk, Trog's Hand, Brothers in Arms, Renounce Religion


You were on level 7 of the Dungeon.
You worshipped Trog.
Trog was greatly pleased with you.
You were near starving.

You visited 1 branch of the dungeon, and saw 7 of its levels.

You collected 365 gold pieces.

Inventory:

Hand Weapons
 h - a +2 hand axe of flaming (weapon)
 q - the +2 dagger of Gozag {flame, rElec Int+7}
   (You found it on level 4 of the Dungeon)

   It has been specially enchanted to burn those struck by it, causing extra
   injury to most foes and up to half again as much damage against particularly
   susceptible opponents.
   It affects your intelligence (+7).
   It insulates you from electricity.
Missiles
 A - 8 boomerangs of dispersal (quivered)
Armour
 a - a scarf of spirit shield
 l - a +1 ring mail of positive energy (worn)
 o - a +0 chain mail
 t - a +2 cloak (worn)
 u - a +0 helmet (worn)
Jewellery
 c - a cursed ring of teleportation (left hand)
 k - a ring of protection from cold (right hand)
 B - an amulet of faith (around neck)
Wands
 f - a wand of enslavement (20)
 y - a wand of iceblast (8)
Scrolls
 j - 3 scrolls of enchant weapon
 p - a scroll of identify
 r - a scroll of brand weapon {unknown}
 s - 4 scrolls of teleportation
 x - a scroll of fear
Potions
 b - 2 potions of resistance
 g - a potion of ambrosia
 i - a potion of heal wounds
 m - 3 potions of lignification
 n - 2 potions of brilliance
 w - a potion of berserk rage
 z - a potion of curing
Comestibles
 e - 11 rations


   Skills:
 + Level 8.6 Fighting
 + Level 8.6 Axes
 - Level 1.5 Armour
 - Level 2.4 Dodging


You had 8 spell levels left.
You didn't know any spells.
Your spell library was empty.

Dungeon Overview and Level Annotations

Branches:
Dungeon (7/15)             Temple (0/1) D:7

Altars:
Cheibriados
Elyvilon
Gozag
Makhleb
Nemelex Xobeh
Okawaru
Ru
Sif Muna
Zin

Shops:
D:2 *

Annotations:
D:7 Prince Ribbit


Message History

Prince Ribbit hits you but does no damage.
The centaur zombie closely misses you. The centaur zombie hits you.
Prince Ribbit blinks!
The centaur zombie hits you but does no damage.
The centaur zombie misses you.
There is a stone staircase leading up here.
The centaur zombie hits you but does no damage.
Prince Ribbit barely misses you.
Prince Ribbit hits you but does no damage.
The centaur zombie barely misses you.
Prince Ribbit croaks regally.
Prince Ribbit blinks!
Prince Ribbit blinks!
The centaur zombie hits you but does no damage.
You hit the centaur zombie. You burn the centaur zombie.
The centaur zombie is lightly damaged.
The centaur zombie hits you. Prince Ribbit hits you!
* * * LOW HITPOINT WARNING * * *
The centaur zombie hits you!
You die...

## #.. #.# #.# ####
#.#.# #.# .....
#.#.#####.####.....
..................
########.###...#........
#...............F...###
####.###..[....#@#....#
#F#.........Z........
#.#.......<...#......
#.#.........###.#.#..
#...#............ ..
#.#.#.......###... ..
#...........# ..# .
#.#.#...#.#.###> .#
#.#............ .


You could see Prince Ribbit and a centaur zombie.

Vanquished Creatures
  A hippogriff (D:7)
  Eustachio (D:5)
  5 yaks (D:5)
  2 ice beasts
  3 ogres
  3 sky beasts (D:5)
  3 centaurs
  A phantom (D:6)
  4 bullfrogs
  2 howler monkeys
  A jelly (D:7)
  A crimson imp (D:5)
  2 centaur zombies
  5 hounds
  A bullfrog skeleton (D:4)
  2 orc priests
  2 orc wizards
  Ijyb (D:3)
  3 iguanas
  4 worker ants
  A killer bee zombie (D:5)
  A worker ant zombie (D:7)
  5 adders
  2 shadow imps
  2 adder skeletons
  A worm (D:2)
  2 dart slugs
  4 leopard geckos
  19 orcs
  11 bats
  6 giant cockroaches
  5 hobgoblins
  9 jackals
  6 kobolds
  3 quokkas
  A ball python (D:1)
  5 frilled lizards
  8 goblins
  A jackal skeleton (D:4)
  3 quokka skeletons
  A quokka zombie (D:6)
  9 rats
152 creatures vanquished.

Notes
Turn   | Place    | Note
-------+----------+-------------------------------------------
     0 | D:1      | GordonOverkill the Deep Elf Berserker began the quest for
                  | the Orb.
     0 | D:1      | Reached XP level 1. HP: 13/13 MP: 3/3
   472 | D:1      | Reached XP level 2. HP: 18/18 MP: 4/4
   919 | D:2      | Found a glowing silver altar of Zin.
   921 | D:2      | Found a sacrificial altar of Ru.
   923 | D:2      | Found a white marble altar of Elyvilon.
   923 | D:2      | Found a burning altar of Makhleb.
   923 | D:2      | Found a snail-covered altar of Cheibriados.
   923 | D:2      | Found a shimmering blue altar of Sif Muna.
   923 | D:2      | Found an iron altar of Okawaru.
   924 | D:2      | Found a sparkling altar of Nemelex Xobeh.
   926 | D:2      | Reached ** piety under Trog
   934 | D:2      | Reached XP level 3. HP: 17/23 MP: 3/5
  1093 | D:2      | Found an opulent altar of Gozag.
  1212 | D:2      | Found Gozag's Platinum Reserve.
  1689 | D:3      | Reached XP level 4. HP: 28/28 MP: 6/6
  2028 | D:3      | Noticed Ijyb
  2045 | D:3      | Killed Ijyb
  2045 | D:3      | Reached XP level 5. HP: 33/33 MP: 5/7
  2372 | D:3      | Reached *** piety under Trog
  2597 | D:4      | Noticed an ogre
  2602 | D:4      | Killed an ogre
  2733 | D:4      | Reached XP level 6. HP: 36/39 MP: 6/8
  3419 | D:4      | Reached skill level 5 in Fighting
  3419 | D:4      | Reached skill level 5 in Axes
  3419 | D:4      | Reached XP level 7. HP: 31/44 MP: 7/9
  3922 | D:4      | Got a twisted dagger
  3923 | D:4      | Identified the +2 dagger of Gozag {flame, rElec Int+7} (You
                  | found it on level 4 of the Dungeon)
  3963 | D:5      | Entered Level 5 of the Dungeon
  4056 | D:5      | Noticed a yak
  4056 | D:5      | Noticed a yak
  4056 | D:5      | Noticed a yak
  4074 | D:5      | Noticed Eustachio
  4075 | D:5      | Killed a yak
  4076 | D:5      | Killed a yak
  4084 | D:5      | Killed a yak
  4084 | D:5      | Reached XP level 8. HP: 7/51 MP: 2/10
  4089 | D:5      | Killed Eustachio
  4979 | D:5      | Received a gift from Trog
  4979 | D:5      | Reached XP level 9. HP: 52/57 MP: 9/11
  6031 | D:6      | Reached **** piety under Trog
  7306 | D:7      | Found a staircase to the Ecumenical Temple.
  7435 | D:7      | Noticed Prince Ribbit
  7458 | D:7      | Slain by a centaur zombie

Levels and vault maps discovered:
D:1:      dpeg_arrival_erosion, layout_basic
D:2:      layout_basic, grunt_temple_overflow_open,
          nicolae_gozag_zags_fifth_avenue
D:3:      layout_basic, uniq_ijyb
D:4:      layout_gridville
D:5:      layout_gridville, first_ration, roderic_roman_lattice, uniq_eustachio
D:6:      layout_cave_pods
D:7:      layout_basic, minmay_temple_entry_junction_2, serial_glass,
          glass_columns_a, glass_columns_a, serial_shops, kennysheep_mini_moat,
          kennysheep_generic_room_11, uniq_prince_ribbit1
